TOP OF THE 1ST |
Milton Dogfish Head batting - Pitching for Royse City Targaryens : RHP Rodger de Meza
|
Pitching: RHP Rodger de Meza
|
|
Batting: RHB Raúl Ortíz
|
0-0: Called Strike 0-1: Ball 1-1: Called Strike 1-2: Ball 2-2: Foul Ball, location: 2F 2-2: Ball 3-2: Strikes out swinging
|
Batting: LHB Robert Adams
|
0-0: Ball 1-0: Foul Ball, location: 2F 1-1: SINGLE (Groundball, 34S)
|
Batting: RHB Luis Alomar
|
0-0: Foul Ball, location: 2F 0-1: Foul Ball, location: 2F 0-2: Foul Ball, location: 2F 0-2: Strikes out looking
|
Batting: RHB Vern Ewing
|
0-0: Ball 1-0: Called Strike 1-1: Ball 2-1: Foul Ball, location: 2F 2-2: Ball 3-2: Strikes out swinging
|
Top of the 1st over - 0 run(s), 1 hit(s), 0 error(s), 1 left on base; Milton 0 - Royse City 0 |
BOTTOM OF THE 1ST |
Royse City Targaryens batting - Pitching for Milton Dogfish Head : LHP Jim Unknown
|
Pitching: LHP Jim Unknown
|
|
Batting: SHB Mitch Qualtrough
|
0-0: Ball 1-0: SINGLE (Groundball, 6MD)
|
Batting: LHB Carl Duncan
|
0-0: Ball 1-0: Foul Ball, location: 2F 1-1: Ball 2-1: Foul Ball, location: 2F 2-2: Ball 3-2: Fly out, F3 (Popup, 3S)
|
Batting: RHB Héctor Ruíz
|
0-0: Ball 1-0: Ball 2-0: Ball 3-0: Called Strike 3-1: Ground out 5-3 (Groundball, 56S) Mitch Qualtrough to second
|
Batting: LHB Carlos Álvarez
|
0-0: Foul Ball, location: 2F 0-1: Ball 1-1: Ground out 5-3 (Groundball, 56)
|
Bottom of the 1st over - 0 run(s), 1 hit(s), 0 error(s), 1 left on base; Milton 0 - Royse City 0 |
TOP OF THE 2ND |
Milton Dogfish Head batting - Pitching for Royse City Targaryens : RHP Rodger de Meza
|
Batting: RHB Juan Jose Ayala
|
0-0: Called Strike 0-1: Ball 1-1: Swinging Strike 1-2: Ball 2-2: Ball 3-2: Strikes out swinging
|
Batting: RHB José Correa
|
0-0: Swinging Strike 0-1: Foul Ball, location: 2F 0-2: Ball 1-2: SINGLE (Flyball, 8RS)
|
Batting: RHB Leonard James
|
0-0: Ball 1-0: Ball 2-0: SINGLE (Groundball, 56) (infield hit) José Correa to second
|
Batting: RHB Baldomero Avino
|
0-0: Ball 1-0: Foul Ball, location: 2F 1-1: Ball 2-1: Fly out, F8 (Line Drive, 8LS)
|
Batting: LHB Jeffrey Gregg
|
0-0: Ball 1-0: Ground out 4-3 (Groundball, 4)
|
Top of the 2nd over - 0 run(s), 2 hit(s), 0 error(s), 2 left on base; Milton 0 - Royse City 0 |
BOTTOM OF THE 2ND |
Royse City Targaryens batting - Pitching for Milton Dogfish Head : LHP Jim Unknown
|
Batting: RHB Fernando Rivera
|
0-0: Ground out 4-3 (Groundball, 4M)
|
Batting: LHB Aurelio Aurillo
|
0-0: Ball 1-0: Called Strike 1-1: SINGLE (Groundball, 56D)
|
Batting: RHB Ed Hopkins
|
0-0: Ball 1-0: Ball 2-0: Foul Ball, location: 2F 2-1: Ball 3-1: Base on Balls Aurelio Aurillo to second
|
Batting: LHB Shang-de Zhang
|
0-0: Ball 1-0: SINGLE (Groundball, 3D) Aurelio Aurillo to third Ed Hopkins to second
|
Batting: LHB Jorge Garza
|
0-0: Called Strike 0-1: Ball 1-1: Swinging Strike 1-2: Grounds out, U3 (Groundball, 3L) Aurelio Aurillo scores Ed Hopkins to third
|
Batting: SHB Mitch Qualtrough
|
0-0: Ball 1-0: Fly out, F7 (Flyball, 7LS)
|
Bottom of the 2nd over - 1 run(s), 2 hit(s), 0 error(s), 2 left on base; Milton 0 - Royse City 1 |
TOP OF THE 3RD |
Milton Dogfish Head batting - Pitching for Royse City Targaryens : RHP Rodger de Meza
|
Batting: RHB Raúl Ortíz
|
0-0: Swinging Strike 0-1: Ball 1-1: Ball 2-1: Swinging Strike 2-2: Ball 3-2: Fly out, F6 (Line Drive, 6)
|
Batting: LHB Robert Adams
|
0-0: Called Strike 0-1: Called Strike 0-2: Foul Ball, location: 2F 0-2: Fly out, F8 (Flyball, 8RXD)
|
Batting: RHB Luis Alomar
|
0-0: Called Strike 0-1: Ball 1-1: Swinging Strike 1-2: Foul Ball, location: 2F 1-2: Foul Ball, location: 2F 1-2: Ball 2-2: Ball 3-2: Ground out 6-3 (Groundball, 6M)
|
Top of the 3rd over - 0 run(s), 0 hit(s), 0 error(s), 0 left on base; Milton 0 - Royse City 1 |
BOTTOM OF THE 3RD |
Royse City Targaryens batting - Pitching for Milton Dogfish Head : LHP Jim Unknown
|
Batting: LHB Carl Duncan
|
0-0: Ball 1-0: Foul Ball, location: 2F 1-1: Called Strike 1-2: Ball 2-2: Foul Ball, location: 2F 2-2: Strikes out swinging
|
Batting: RHB Héctor Ruíz
|
0-0: Ball 1-0: Ball 2-0: Ball 3-0: Called Strike 3-1: Foul Ball, location: 2F 3-2: Ground out 5-3 (Groundball, 5S)
|
Batting: LHB Carlos Álvarez
|
0-0: Ball 1-0: Ball 2-0: Foul Ball, location: 2F 2-1: Ball 3-1: Base on Balls
|
Batting: RHB Fernando Rivera
|
0-0: Called Strike 0-1: Swinging Strike 0-2: Fly out, F7 (Flyball, 7M)
|
Bottom of the 3rd over - 0 run(s), 0 hit(s), 0 error(s), 1 left on base; Milton 0 - Royse City 1 |
TOP OF THE 4TH |
Milton Dogfish Head batting - Pitching for Royse City Targaryens : RHP Rodger de Meza
|
Batting: RHB Vern Ewing
|
0-0: Ball 1-0: DOUBLE (Line Drive, 9LS)
|
Batting: RHB Juan Jose Ayala
|
0-0: Called Strike 0-1: SINGLE (Groundball, 56D) Vern Ewing to third
|
Batting: RHB José Correa
|
0-0: Called Strike 0-1: Ball 1-1: Ball 2-1: SINGLE (Groundball, 6MD) (infield hit) Vern Ewing scores Juan Jose Ayala to second
|
Batting: RHB Leonard James
|
0-0: 3-RUN HOME RUN (Flyball, 7D), Distance : 363 ft
|
Pitching: LHP Roberto Aguirre
|
|
Batting: RHB Baldomero Avino
|
0-0: Ball 1-0: Ball 2-0: Fly out, F8 (Flyball, 8RXD)
|
Batting: LHB Jeffrey Gregg
|
0-0: Swinging Strike 0-1: Ball 1-1: Foul Ball, location: 2F 1-2: Foul Ball, location: 2F 1-2: Ball 2-2: Fly out, F8 (Flyball, 8RM)
|
Batting: RHB Raúl Ortíz
|
0-0: Ball 1-0: Ball 2-0: Ground out 6-3 (Groundball, 6)
|
Top of the 4th over - 4 run(s), 4 hit(s), 0 error(s), 0 left on base; Milton 4 - Royse City 1 |
BOTTOM OF THE 4TH |
Royse City Targaryens batting - Pitching for Milton Dogfish Head : LHP Jim Unknown
|
Batting: LHB Aurelio Aurillo
|
0-0: Foul Ball, location: 2F 0-1: Ball 1-1: Ball 2-1: Swinging Strike 2-2: Ground out 4-3 (Groundball, 13)
|
Batting: RHB Ed Hopkins
|
0-0: Foul Ball, location: 2F 0-1: Ball 1-1: Foul Ball, location: 2F 1-2: Foul Ball, location: 2F 1-2: Fly out, F2 (Popup, 2LF)
|
Batting: LHB Shang-de Zhang
|
0-0: Ball 1-0: Ground out U3 (Groundball, 3S)
|
Bottom of the 4th over - 0 run(s), 0 hit(s), 0 error(s), 0 left on base; Milton 4 - Royse City 1 |
TOP OF THE 5TH |
Milton Dogfish Head batting - Pitching for Royse City Targaryens : LHP Roberto Aguirre
|
Batting: LHB Robert Adams
|
0-0: Swinging Strike 0-1: Ball 1-1: Ball 2-1: Foul Ball, location: 2F 2-2: Strikes out swinging
|
Batting: RHB Luis Alomar
|
0-0: Ball 1-0: Ball 2-0: Ball 3-0: Called Strike 3-1: SINGLE (Groundball, 6MD)
|
Batting: RHB Vern Ewing
|
0-0: Ball 1-0: Foul Ball, location: 2F 1-1: Ground out 6-3 (Groundball, 6S) Luis Alomar to second
|
Batting: RHB Juan Jose Ayala
|
0-0: Fly out, F4 (Popup, 4M)
|
Top of the 5th over - 0 run(s), 1 hit(s), 0 error(s), 1 left on base; Milton 4 - Royse City 1 |
BOTTOM OF THE 5TH |
Royse City Targaryens batting - Pitching for Milton Dogfish Head : LHP Jim Unknown
|
Batting: LHB Jorge Garza
|
0-0: Ground out 4-3 (Groundball, 4)
|
Batting: SHB Mitch Qualtrough
|
0-0: Called Strike 0-1: Ball 1-1: Swinging Strike 1-2: SINGLE (Groundball, 56D)
|
Batting: LHB Carl Duncan
|
0-0: Ball Mitch Qualtrough steals 2nd base 1-0: Called Strike 1-1: SINGLE (Groundball, 25) (infield hit) Mitch Qualtrough to third
|
Batting: RHB Héctor Ruíz
|
0-0: Called Strike 0-1: DOUBLE (Line Drive, 5D) Mitch Qualtrough scores Carl Duncan to third
|
Batting: LHB Carlos Álvarez
|
0-0: Foul Ball, location: 2F 0-1: Ball 1-1: Foul Ball, location: 2F 1-2: Ground out 3-1 (Groundball, 34S) Carl Duncan scores Héctor Ruíz to third
|
Batting: RHB Fernando Rivera
|
0-0: Called Strike 0-1: Ball 1-1: Fly out, F4 (Line Drive, 34D)
|
Bottom of the 5th over - 2 run(s), 3 hit(s), 0 error(s), 1 left on base; Milton 4 - Royse City 3 |
TOP OF THE 6TH |
Milton Dogfish Head batting - Pitching for Royse City Targaryens : LHP Roberto Aguirre
|
Batting: RHB José Correa
|
0-0: Foul Ball, location: 2F 0-1: SINGLE (Groundball, 6MD)
|
Batting: RHB Leonard James
|
0-0: Called Strike 0-1: Ball 1-1: Called Strike 1-2: Foul Ball, location: 2F 1-2: Ball 2-2: Ball 3-2: Foul Ball, location: 2F 3-2: Ground out 4-3 (Groundball, 4M) José Correa to second
|
Batting: RHB Baldomero Avino
|
0-0: Intentional Walk
|
Pitching: RHP Harry Mander
|
|
Batting: LHB Jeffrey Gregg
|
0-0: Swinging Strike 0-1: Called Strike 0-2: Foul Ball, location: 2F 0-2: Fly out, F5 (Popup, 5DF)
|
Batting: RHB Raúl Ortíz
|
0-0: Ball 1-0: Called Strike 1-1: Hit by Pitch José Correa to third Baldomero Avino to second
|
Batting: LHB Robert Adams
|
0-0: Called Strike 0-1: Ball 1-1: SINGLE (Groundball, 34D) José Correa scores Baldomero Avino to third Raúl Ortíz to second
|
Batting: RHB Luis Alomar
|
0-0: Ball 1-0: Ball 2-0: Ball 3-0: Base on Balls Baldomero Avino scores Raúl Ortíz to third Robert Adams to second
|
Batting: RHB Vern Ewing
|
0-0: Ground out 1-3 (Groundball, 15S)
|
Top of the 6th over - 2 run(s), 2 hit(s), 0 error(s), 3 left on base; Milton 6 - Royse City 3 |
BOTTOM OF THE 6TH |
Royse City Targaryens batting - Pitching for Milton Dogfish Head : LHP Jim Unknown
|
Batting: LHB Aurelio Aurillo
|
0-0: Ball 1-0: Ball 2-0: Swinging Strike 2-1: Ball 3-1: Called Strike 3-2: Base on Balls
|
Batting: RHB Ed Hopkins
|
0-0: Foul Ball, location: 2F 0-1: Sac Bunt - play at first, batter OUT! 3-4 Aurelio Aurillo to second
|
Batting: LHB Shang-de Zhang
|
0-0: Swinging Strike 0-1: Called Strike 0-2: Strikes out looking
|
Batting: LHB Jorge Garza
|
0-0: Swinging Strike 0-1: Ball 1-1: Called Strike 1-2: Strikes out swinging
|
Bottom of the 6th over - 0 run(s), 0 hit(s), 0 error(s), 1 left on base; Milton 6 - Royse City 3 |
TOP OF THE 7TH |
Milton Dogfish Head batting - Pitching for Royse City Targaryens : RHP Harry Mander
|
Batting: RHB Juan Jose Ayala
|
0-0: Foul Ball, location: 2F 0-1: Ball 1-1: SINGLE (Groundball, 56D) (infield hit)
|
Batting: RHB José Correa
|
0-0: Grounds into double play, 6-4-3 (Groundball, 6M)
|
Batting: RHB Leonard James
|
0-0: Called Strike 0-1: SINGLE (Line Drive, 4D)
|
Batting: RHB Baldomero Avino
|
0-0: Ball 1-0: Ball 2-0: Foul Ball, location: 2F 2-1: Called Strike 2-2: Ball 3-2: Base on Balls Leonard James to second
|
Batting: LHB Jeffrey Gregg
|
0-0: Ball 1-0: Ball 2-0: Called Strike 2-1: Foul Ball, location: 2F 2-2: Foul Ball, location: 2F 2-2: DOUBLE (Line Drive, 9LS) Leonard James scores Baldomero Avino to third
|
Batting: RHB Raúl Ortíz
|
0-0: Reached on Error, E4 (Line Drive, 4) Baldomero Avino scores Jeffrey Gregg to third
|
Batting: LHB Robert Adams
|
0-0: Ball 1-0: Swinging Strike 1-1: Foul Ball, location: 2F 1-2: SINGLE (Groundball, 34) Jeffrey Gregg scores Raúl Ortíz to second Runner from 2nd tries for 3rd, SAFE, throw made to third
|
Pitching: RHP Luis Miguel Rojas
|
|
Batting: RHB Luis Alomar
|
0-0: Called Strike 0-1: Swinging Strike 0-2: Strikes out looking
|
Top of the 7th over - 3 run(s), 4 hit(s), 1 error(s), 2 left on base; Milton 9 - Royse City 3 |
BOTTOM OF THE 7TH |
Royse City Targaryens batting - Pitching for Milton Dogfish Head : LHP Jim Unknown
|
Batting: SHB Mitch Qualtrough
|
0-0: Called Strike 0-1: Ball 1-1: Called Strike 1-2: Foul Ball, location: 2F 1-2: Foul Ball, location: 2F 1-2: SINGLE (Line Drive, 9S)
|
Pitching: RHP Roberto Cabrera
|
|
Batting: LHB Carl Duncan
|
0-0: Ball Wild Pitch! Mitch Qualtrough to second 1-0: Ground out 4-3 (Groundball, 4) Mitch Qualtrough to third
|
Batting: RHB Héctor Ruíz
|
0-0: Ball 1-0: SINGLE (Groundball, 56D) Mitch Qualtrough scores
|
Batting: LHB Carlos Álvarez
|
0-0: Ball Pickoff Throw to First - Error! E1 Héctor Ruíz to second 1-0: Called Strike 1-1: Ball 2-1: Ball 3-1: Base on Balls
|
Batting: RHB Fernando Rivera
|
0-0: Called Strike 0-1: Ball 1-1: Fly out, F5 (Popup, 5DF)
|
Batting: LHB Aurelio Aurillo
|
0-0: Foul Ball, location: 2F 0-1: Called Strike 0-2: Ball Wild Pitch! Héctor Ruíz to third Carlos Álvarez to second 1-2: Ball 2-2: DOUBLE (Groundball, 5D) Héctor Ruíz scores Carlos Álvarez scores
|
Batting: RHB Ed Hopkins
|
0-0: Fly out, F8 (Flyball, 78M)
|
Bottom of the 7th over - 3 run(s), 3 hit(s), 1 error(s), 1 left on base; Milton 9 - Royse City 6 |
TOP OF THE 8TH |
Milton Dogfish Head batting - Pitching for Royse City Targaryens : RHP Luis Miguel Rojas
|
Batting: RHB Vern Ewing
|
0-0: Ball 1-0: Foul Ball, location: 2F 1-1: Ball 2-1: SINGLE (Line Drive, 78S)
|
Batting: RHB Juan Jose Ayala
|
0-0: Fly out, F3 (Popup, 3F)
|
Batting: RHB José Correa
|
0-0: Grounds into double play, 6-4-3 (Groundball, 6)
|
Top of the 8th over - 0 run(s), 1 hit(s), 0 error(s), 0 left on base; Milton 9 - Royse City 6 |
BOTTOM OF THE 8TH |
Royse City Targaryens batting - Pitching for Milton Dogfish Head : RHP Roberto Cabrera
|
Batting: LHB Shang-de Zhang
|
0-0: Ball 1-0: Ball 2-0: Called Strike 2-1: Ball 3-1: Swinging Strike 3-2: Foul Ball, location: 2F 3-2: Base on Balls
|
Pitching: LHP Albert Lucas
|
|
Batting: LHB Jorge Garza
|
0-0: Called Strike 0-1: Called Strike 0-2: Ball 1-2: Foul Ball, location: 2F 1-2: Ball 2-2: Ball 3-2: SINGLE (Line Drive, 9S) Shang-de Zhang to second
|
Batting: SHB Mitch Qualtrough
|
0-0: Ball 1-0: Ball 2-0: Foul Ball, location: 2F 2-1: Ball 3-1: Base on Balls Shang-de Zhang to third Jorge Garza to second
|
Batting: LHB Carl Duncan
|
0-0: Ball 1-0: Foul Ball, location: 2F 1-1: Ball 2-1: Fly out, F8 (Flyball, 8LXD) Runner from 3rd tags up, SCORES, no throw Jorge Garza to third
|
Pitching: RHP Luis De La Hoya
|
|
Pinch Hitting: LHB Jerry Wilson
|
0-0: Ball Mitch Qualtrough is caught stealing 2nd base 1-0: DOUBLE (Flyball, 89XD) Jorge Garza scores
|
Batting: LHB Carlos Álvarez
|
0-0: Ball 1-0: Ball 2-0: Fly out, F8 (Flyball, 8LM)
|
Bottom of the 8th over - 2 run(s), 2 hit(s), 0 error(s), 1 left on base; Milton 9 - Royse City 8 |
TOP OF THE 9TH |
Milton Dogfish Head batting - Pitching for Royse City Targaryens : RHP Luis Miguel Rojas
|
Now in CF: Jerry Wilson
|
|
Batting: RHB Leonard James
|
0-0: Ball 1-0: Called Strike 1-1: Ball 2-1: Called Strike 2-2: Fly out, F9 (Flyball, 89M)
|
Batting: RHB Baldomero Avino
|
0-0: Fly out, F7 (Flyball, 78M)
|
Batting: LHB Jeffrey Gregg
|
0-0: Ball 1-0: Ball 2-0: Called Strike 2-1: Foul Ball, location: 2F 2-2: Foul Ball, location: 2F 2-2: Ball 3-2: Base on Balls
|
Pitching: LHP Fernando Castro
|
|
Batting: RHB Raúl Ortíz
|
0-0: Ball 1-0: Ball 2-0: Ball 3-0: Called Strike 3-1: Fly out, F8 (Flyball, 89M)
|
Top of the 9th over - 0 run(s), 0 hit(s), 0 error(s), 1 left on base; Milton 9 - Royse City 8 |
BOTTOM OF THE 9TH |
Royse City Targaryens batting - Pitching for Milton Dogfish Head : RHP Luis De La Hoya
|
Pitching: RHP Jim Unknown
|
|
Pinch Hitting: RHB Yong-oon Yi
|
0-0: Called Strike 0-1: Fly out, F8 (Flyball, 8RD)
|
Batting: LHB Aurelio Aurillo
|
0-0: Swinging Strike 0-1: Ball 1-1: SINGLE (Line Drive, 89S)
|
Batting: RHB Ed Hopkins
|
0-0: Called Strike 0-1: SINGLE (Groundball, 6MD) Aurelio Aurillo to second
|
Batting: LHB Shang-de Zhang
|
0-0: 3-RUN HOME RUN (Line Drive, 9D), Distance : 340 ft
|
|